 Dungeon Crawl Stone Soup version 0.22-a0-307-g2b15929 (webtiles) character file.

56 Borgoz the Skirmisher (level 3, -3/32 (33) HPs)
             Began as a Ghoul Abyssal Knight on Apr 1, 2018.
             Was a Follower of Lugonu.
             Slain by an adder (5 damage)
             ... on level 2 of the Dungeon.
             The game lasted 00:01:43 (1450 turns).

Borgoz the Skirmisher (Ghoul Abyssal Knight)        Turns: 1450, Time: 00:01:44

HP:   -3/32 (33)    AC:  3    Str: 15    XL:     3   Next: 97%
MP:   3/3           EV: 11    Int:  7    God:    Lugonu [*.....]
Gold: 45            SH:  0    Dex:  9    Spells: 2/2 levels left

rFire    . . .     SeeInvis .     - Unarmed
rCold    + . .     Gourm    .   (no shield)
rNeg     + + +     Faith    .   a - +0 leather armour
rPois    ∞         Spirit   .   (no helmet)
rElec    .         Reflect  .   (no cloak)
rCorr    .         Harm     .   (no gloves)
MR       .....                  (no boots)
Stlth    +.........             (no amulet)
HPRegen  0.00/turn              (no ring)
MPRegen  0.08/turn              (no ring)

@: rotting
A: rotting body, claws 1, carnivore, cold resistance 1, negative energy
resistance 3, inhibited regeneration, torment resistance, unbreathing
a: Depart the Abyss, Renounce Religion


You were on level 2 of the Dungeon.
You worshipped Lugonu.
Lugonu was aware of your devotion.
You were not hungry.

You visited 1 branch of the dungeon, and saw 2 of its levels.
You visited the Abyss 1 time.

You collected 45 gold pieces.

Inventory:

Armour
 a - a +0 leather armour (worn)
Scrolls
 c - a scroll of enchant armour {unknown}
 d - 5 scrolls of identify {unknown}
 f - a scroll of fog {unknown}
 i - a scroll of random uselessness {unknown}
 j - a scroll of enchant weapon {unknown}
Potions
 e - a potion of brilliance {unknown}
 g - a potion of ambrosia {unknown}
 h - 2 potions of resistance {unknown}
Comestibles
 b - 3 rations


   Skills:
 + Level 3.7 Fighting
 + Level 2.2 Armour
 + Level 1.5 Dodging
 + Level 2.7 Unarmed Combat
 + Level 2.6 Invocations


You had 2 spell levels left.
You didn't know any spells.

Dungeon Overview and Level Annotations

Branches:
Dungeon (2/15)

Altars:


Innate Abilities, Weirdness & Mutations

Your body is rotting away.
You thrive on raw meat.
You are immune to poison.
You have sharp fingernails.
You are carnivorous and can eat meat at any time.
Your flesh is cold resistant. (rC+)
You are immune to negative energy. (rN+++)
You do not regenerate when monsters are visible.
You are immune to unholy pain and torment.
You can survive without breathing.


Message History

You barely miss the adder. The adder closely misses you.
The rat closely misses you. The adder bites you.
You are too injured to fight recklessly!
You are too injured to fight recklessly!
You are too injured to fight recklessly!
You completely miss the adder. The adder bites you but does no damage.
You scratch the adder but do no damage. The adder bites you.
You closely miss the adder. The adder barely misses you.
You scratch the adder but do no damage. The adder bites you.
* * * LOW HITPOINT WARNING * * *
The adder bites you.
* * * LOW HITPOINT WARNING * * *
You scratch the adder.
The adder is heavily wounded.
The adder misses you.
You miss the adder.
The adder is heavily wounded.
The adder bites you.
You die...

....... .......
....... .......
..>.... .......
......g##########
......rS@†......##
#....########....#
#.. #....# #
#....# #....#
#....## #.....#
#.....# #####.#


You could see an adder, a hobgoblin and a rat.

Vanquished Creatures
  2 adders (D:2)
  A leopard gecko (D:2)
  5 goblins
  5 hobgoblins (D:1)
  5 jackals
  A quokka (D:2)
  7 bats
  A frilled lizard (D:1)
  4 kobolds
  5 rats
36 creatures vanquished.

Notes
Turn   | Place    | Note
-------+----------+-------------------------------------------
     0 | Abyss:1  | Borgoz the Ghoul Abyssal Knight began the quest for the Orb.
     0 | Abyss:1  | Reached XP level 1. HP: 19/19 MP: 1/1
    28 | Abyss:1  | Noticed a neqoxec
    30 | D:1      | Escaped the Abyss
    67 | D:1      | Reached * piety under Lugonu
    95 | D:1      | Reached skill level 1 in Dodging
   207 | D:1      | Reached XP level 2. HP: 21/26 MP: 2/2
   789 | D:1      | Reached XP level 3. HP: 31/31 MP: 3/3
  1450 | D:2      | Slain by an adder

Vault maps used:
D:1:      minmay_arrival_solitary_statue, minmay_close_crescents

Skill      XL: |  1  2 |
---------------+-------+-----
Dodging        | 1 |  1.5
Armour         | 2 |  2.2
Fighting       | |  3.7
Unarmed Combat | |  2.7
Invocations    | |  2.6

Action                   || total
-------------------------++-------
Melee: Unarmed           ||   158
       Punch             ||     3
Invok: Depart the Abyss  ||     1
  Eat: Chunk             ||     7
Armor: Leather armour    ||    43
Dodge: Dodged            ||    93

Table legend:
 A = Spawn XP
 B = Non-spawn XP
 C = Spawn XP percentage of total XP
 D = Spawn monster count
 E = Non-spawn monster count
 F = Spawn count percentage of total count
 G = Total turns spent on level
                    A         B        C        D         E        F      G
               +---------+---------+-------+---------+---------+-------+---------
         Total |       0 |      81 |   0.0 |       0 |      36 |   0.0 |  1450
               +---------+---------+-------+---------+---------+-------+---------
           D:1 |       0 |      37 |   0.0 |       0 |      24 |   0.0 |  1091
           D:2 |       0 |      44 |   0.0 |       0 |      12 |   0.0 |   329
               +---------+---------+-------+---------+---------+-------+---------
